 Dungeon Crawl Stone Soup version 0.20.1-1-g8b1a95d (webtiles) character file.

3375 exaltech the Destroyer (level 9, -6/62 HPs)
             Began as a Purple Draconian Conjurer on Jan 7, 2018.
             Was an Elder of Sif Muna.
             Mangled by an iguana (8 damage)
             ... on level 7 of the Dungeon.
             The game lasted 00:25:15 (7514 turns).

exaltech the Destroyer (Purple Draconian Conjurer)  Turns: 7514, Time: 00:25:16

Health: -6/62      AC: 10    Str: 10    XL:     9   Next: 74%
Magic:  1/21       EV: 12    Int: 18    God:    Sif Muna [****..]
Gold:   359        SH:  0    Dex: 13    Spells: 0/12 levels left

rFire    . . .     SeeInvis .   C - +3 whip (elec)
rCold    . . .     Gourm    .   (no shield)
rNeg     . . .     Faith    .   (armour unavailable)
rPois    .         Spirit   .   (helmet restricted)
rElec    .         Reflect  .   l - +1 cloak
rCorr    .         Harm     .   (no gloves)
MR       +....                  y - +0 pair of boots
Stlth    ++........             (no amulet)
Regen    0.2/turn               v - ring of magical power
MPRegen  0.2/turn               (no ring)

@: no status effects
A: breathe power, unfitting armour, cold-blooded, AC +7
a: Breathe Dispelling Energy, Divine Energy, Channel Magic, Forget Spell,
Renounce Religion


You were on level 7 of the Dungeon.
You worshipped Sif Muna.
Sif Muna was greatly pleased with you.
You were hungry.

You visited 2 branches of the dungeon, and saw 8 of its levels.
You also visited: Sewer.

You collected 359 gold pieces.

Inventory:

Hand Weapons
 c - a +0 club
 e - a +0 dagger
 k - a +0 short sword
 x - a +1 falchion of draining
 C - a +3 whip of electrocution (weapon)
Armour
 h - a +0 pair of boots
 l - a +1 cloak (worn)
 y - a +0 pair of boots (worn)
Jewellery
 v - a ring of magical power (left hand)
Wands
 q - a wand of flame (0/48)
 E - a wand of lightning (10/15)
Scrolls
 d - a scroll of enchant weapon
 f - 10 scrolls of identify
 g - a scroll of fog
 p - 3 scrolls of remove curse
 s - a scroll of teleportation
 u - 2 scrolls of noise {unknown}
 w - a scroll of amnesia
 G - a scroll of recharging
 L - a scroll of silence {unknown}
 M - a scroll of immolation {unknown}
Potions
 i - 2 potions of lignification {unknown}
 j - 2 potions of curing {unknown}
 m - 2 potions of agility {unknown}
 n - a potion of magic {unknown}
 o - a potion of degeneration {unknown}
 r - 5 potions of flight {unknown}
 t - a potion of resistance {unknown}
 B - 2 potions of mutation {unknown}
 H - 4 potions of haste
 I - a potion of might {unknown}
 J - 3 potions of heal wounds {unknown}
Books
 a - a book of Conjurations

   Spells                             Type                      Level
   a - Magic Dart                     Conjuration                  1
   b - Searing Ray                    Conjuration                  2
   c - Dazzling Spray                 Conjuration/Hexes            3
   d - Fulminant Prism                Conjuration/Hexes            4
   e - Force Lance                    Conjuration/Translocation    4
   f - Iskenderun's Mystic Blast      Conjuration                  4
 A - a book of Clouds

   Spells                             Type                      Level
   a - Poisonous Vapours              Poison/Air                   2
   b - Mephitic Cloud                 Conjuration/Poison/Air       3
   c - Conjure Flame                  Conjuration/Fire             3
   d - Freezing Cloud                 Conjuration/Ice/Air          6
   e - Ring of Flames                 Charms/Fire                  7
 D - a book of Cantrips

   Spells                             Type                      Level
   a - Confusing Touch                Hexes                        1
   b - Animate Skeleton               Necromancy                   1
   c - Summon Small Mammal            Summoning                    1
   d - Apportation                    Translocation                1
 N - a book of Callings

   Spells                             Type                      Level
   a - Summon Small Mammal            Summoning                    1
   b - Call Imp                       Summoning                    2
   c - Call Canine Familiar           Summoning                    3
   d - Summon Guardian Golem          Hexes/Summoning              3
   e - Summon Lightning Spire         Summoning/Air                4
   f - Summon Ice Beast               Ice/Summoning                4
Comestibles
 b - 5 bread rations
 z - 7 fruits
 F - 2 meat rations


   Skills:
 - Level 1.7 Dodging
 - Level 1.7 Stealth
 - Level 2.4 Spellcasting
 + Level 13.8 Conjurations


You couldn't memorise any spells.
You knew the following spells:

 Your Spells              Type           Power        Failure   Level  Hunger
a - Magic Dart            Conj           ####         1%          1    #......
b - Searing Ray           Conj           ######       1%          2    ##.....
c - Force Lance           Conj/Tloc      ####....     10%         4    #####..
d - Conjure Flame         Conj/Fire      ####....     3%          3    ###....
e - Poisonous Vapours     Pois/Air       #.....       26%         2    ##.....


Dungeon Overview and Level Annotations

Branches:
Dungeon (7/15)             Temple (1/1) D:4

Altars:
Cheibriados
Kikubaaqudgha
Makhleb
Nemelex Xobeh
Sif Muna
Vehumet
Xom
Yredelemnul
Zin


Innate Abilities, Weirdness & Mutations

You can breathe bolts of dispelling energy.
Your rich purple scales are hard. (AC +7)
You cannot fit into any form of body armour.
You are cold-blooded and may be slowed by cold attacks.


Message History

Aim: an iguana (moderately wounded)
The magic dart hits the iguana.
The iguana is heavily wounded.
Casting: Magic Dart
Confirm with . or Enter, or press ? or * to list all spells.
Aiming: Magic Dart
Press: ? - help, Shift-Dir - straight line, f/p - iguana
Aim: an iguana (heavily wounded)
The magic dart hits the iguana.
The iguana is severely wounded.
Casting: Magic Dart
Confirm with . or Enter, or press ? or * to list all spells.
You don't have enough magic to cast that spell.
Unknown command.
The iguana bites you!
* * * LOW HITPOINT WARNING * * *
You hit the iguana.
The iguana is severely wounded.
The iguana bites you!
You die...

.....# .....# #.....#..
#######.....#.
#.....o...###.
#...o....###.. .
#..h.....# #.# ...
#.......## #.######.....
##.......####.##@l...#
o{≈........##.##.######.
##......<#..............
######################..
...........#
#.).#...#..#
.........._#
#...#...#..#
...........#


You could see an iguana.

Vanquished Creatures
  Pikel (D:4)
  Grinder (D:5)
  Prince Ribbit (D:6)
  A water moccasin (D:6)
  An orc warrior (D:6)
  An ice beast (D:7)
  6 ogres
  3 centaurs
  A big kobold (Sewer)
  2 bullfrogs (D:6)
  Blork the orc (D:4)
  4 scorpions
  4 howler monkeys
  A crimson imp (D:4)
  A centaur zombie (D:5)
  A bullfrog zombie (D:5)
  5 orc priests
  A jelly (D:6)
  A bullfrog skeleton (D:4)
  3 hounds
  An orc wizard (D:5)
  A centaur skeleton (D:6)
  Jessica (D:3)
  2 iguanas (D:6)
  4 worker ants
  2 hound skeletons
  13 adders
  A river rat (Sewer)
  2 shadow imps
  An ooze (D:3)
  2 adder skeletons (D:4)
  3 worms
  A dart slug (D:1)
  3 leopard geckos
  23 orcs
  6 giant cockroaches
  8 hobgoblins
  9 jackals
  3 quokkas
  A ball python (D:2)
  8 bats
  5 frilled lizards
  8 goblins
  A jackal skeleton (D:5)
  7 kobolds
  2 quokka skeletons
  6 rats
164 creatures vanquished.

Vanquished Creatures (others)
  A slave (D:4)
  An orc (D:4)
2 creatures vanquished.

Grand Total: 166 creatures vanquished

Notes
Turn   | Place    | Note
-------+----------+-------------------------------------------
     0 | D:1      | exaltech the Draconian Conjurer began the quest for the Orb.
     0 | D:1      | Reached XP level 1. HP: 14/14 MP: 3/3
   327 | D:1      | Reached XP level 2. HP: 20/20 MP: 0/5
   331 | D:1      | Learned a level 2 spell: Searing Ray
  1073 | D:2      | Reached skill level 5 in Conjurations
  1073 | D:2      | Reached XP level 3. HP: 23/26 MP: 2/6
  1815 | D:3      | Noticed Jessica
  1820 | D:3      | Killed Jessica
  1820 | D:3      | Reached XP level 4. HP: 33/33 MP: 1/7
  2411 | D:3      | Reached skill level 6 in Conjurations
  2729 | D:3      | Found a basalt altar of Yredelemnul.
  2848 | D:4      | Reached XP level 5. HP: 21/38 MP: 8/8
  3000 | D:4      | Found a staircase to the Ecumenical Temple.
  3019 | D:4      | Noticed a slave
  3039 | Temple   | Entered the Ecumenical Temple
  3054 | Temple   | Became a worshipper of Sif Muna the Loreminder
  3121 | D:4      | Noticed Blork the orc
  3133 | D:4      | Killed Blork the orc
  3200 | D:4      | Reached skill level 7 in Conjurations
  3414 | D:4      | Reached XP level 6. HP: 45/45 MP: 9/9
  3773 | D:4      | Noticed Pikel
  3773 | D:4      | Noticed a slave
  3774 | D:4      | Noticed a slave
  3951 | D:5      | Entered Level 5 of the Dungeon
  4141 | D:5      | Noticed Grinder
  4197 | D:5      | Killed Grinder
  4197 | D:5      | Reached * piety under Sif Muna
  4197 | D:5      | Reached skill level 8 in Conjurations
  4197 | D:5      | Your scales start taking on a rich purple colour.
  4197 | D:5      | Reached XP level 7. HP: 11/50 MP: 7/10
  4624 | D:5      | Reached skill level 9 in Conjurations
  4994 | D:5      | Found a glowing silver altar of Zin.
  5226 | D:5      | Reached skill level 10 in Conjurations
  5261 | D:5      | Learned a level 4 spell: Force Lance
  5464 | D:6      | Found a glowing drain.
  5476 | Sewer    | Entered a sewer
  5550 | Sewer    | Reached ** piety under Sif Muna
  5550 | Sewer    | Reached XP level 8. HP: 57/57 MP: 8/11
  5636 | Sewer    | Found a white marble altar of Elyvilon.
  5815 | D:6      | Reached skill level 11 in Conjurations
  6021 | D:4      | Found a burning altar of Makhleb.
  6038 | D:4      | Found a radiant altar of Vehumet.
  6175 | D:4      | Killed Pikel
  6175 | D:4      | Reached *** piety under Sif Muna
  6175 | D:4      | Reached skill level 12 in Conjurations
  6175 | D:4      | Reached XP level 9. HP: 62/62 MP: 12/12
  6584 | D:6      | Learned a level 3 spell: Conjure Flame
  6587 | D:6      | Learned a level 2 spell: Poisonous Vapours
  6664 | D:6      | Noticed Prince Ribbit
  6692 | D:6      | Killed Prince Ribbit
  6692 | D:6      | Reached skill level 13 in Conjurations
  6816 | D:6      | Found a shimmering altar of Xom.
  6909 | D:6      | Reached **** piety under Sif Muna
  7395 | D:7      | Found a snail-covered altar of Cheibriados.
  7513 | D:7      | HP: 2/62 [iguana (14)]
  7514 | D:7      | Mangled by an iguana

Skill      XL: |  1  2  3  4  5  6  7  8  9 |
---------------+----------------------------+-----
Conjurations   | 5 6 7 8 10 12 13 | 13.8
Dodging        | |  1.7
Stealth        | |  1.7
Spellcasting   | |  2.4

Action                   |  1- 3 |  4- 6 |  7- 9 || total
-------------------------+-------+-------+-------++-------
Melee: Unarmed           |     5 |       |       ||     5
       Dagger            |     2 |       |       ||     2
       Tailslap          |     3 |     4 |     5 ||    12
       Short sword       |    22 |    12 |       ||    34
       Falchion          |       |     9 |       ||     9
       Whip              |       |    15 |    87 ||   102
 Cast: Magic Dart        |    54 |    76 |   243 ||   373
       Searing Ray       |     2 |     6 |    10 ||    18
       Poisonous Vapours |       |       |     5 ||     5
 Abil: Breathe Dispellin |       |       |     8 ||     8
  Use: Scroll            |       |       |    13 ||    13
 Stab: Sleeping          |     1 |       |       ||     1
       Distracted        |       |       |     1 ||     1
  Eat: Chunk             |     4 |     7 |    14 ||    25
       Royal jelly       |       |     1 |       ||     1
Armor: Skin              |    15 |    15 |    51 ||    81
Dodge: Dodged            |    21 |    31 |   126 ||   178
       Rpst.: Falchion   |       |     3 |       ||     3
